 Dungeon Crawl Stone Soup version 0.13.0-18-g7b03ea5 (webtiles) character file.

161 Ragg the Skirmisher (level 4, -2/29 HPs)
             Began as a Gargoyle Berserker on Oct 23, 2013.
             Was a Believer of Trog.
             Slain by Crazy Yiuf
             ... wielding a +2,+3 quarterstaff of chaos
              (4 damage)
             ... on Level 2 of the Dungeon.
             The game lasted 00:04:13 (1212 turns).

Ragg the Skirmisher (Gargoyle Berserker)            Turns: 1212, Time: 00:04:15

HP  -2/29        AC  5     Str 21      XL: 4   Next:  0%
MP   3/3         EV 12     Int  7      God: Trog [**....]
Gold 104         SH  0     Dex 10      Spells:  0 memorised,  3 levels left

Res.Fire  : . . .   See Invis. : .   a - +0 mace
Res.Cold  : . . .   Warding    : .   b - +0 animal skin
Life Prot.: + . .   Conserve   : .   (no shield)
Res.Poison: +       Res.Corr.  : .   (no helmet)
Res.Elec. : +       Clarity    : .   (no cloak)
Sust.Abil.: . .     Spirit.Shd : .   (no gloves)
Res.Mut.  : .       Stasis     : .   (no boots)
Res.Rott. : +       Flight     : .   (no amulet)
Saprovore : . . .                    (no ring)
                                     (no ring)

@: invisible, very slightly contaminated, slightly resistant to hostile
enchantments, unstealthy
A: fangs 1, talons 2, life protection 1, electricity resistance, slow metabolism
1, unbreathing, petrification resistance, AC +3
a: Burn Spellbooks, Berserk, Trog's Hand, Renounce Religion


You were on level 2 of the Dungeon.
You worshipped Trog.
Trog was pleased with you.
You were not hungry.

You visited 1 branch of the dungeon, and saw 2 of its levels.

You collected 84 gold pieces.

Inventory:

Hand weapons
 a - a +0,+0 mace (weapon)
Armour
 b - a +0 animal skin (worn)
Comestibles
 c - a bread ration
 f - 4 meat rations
Scrolls
 d - 2 scrolls of identify {unknown}
 i - a scroll of fog {unknown}
 j - a scroll of teleportation {unknown}
 k - 2 scrolls of random uselessness {unknown}
 l - a scroll of fear {unknown}
Jewellery
 h - an uncursed ring of ice
Potions
 e - a potion of curing {unknown}
 g - 2 potions of magic {unknown}
 m - a potion of heal wounds {unknown}
 n - a potion of restore abilities {unknown}


   Skills:
 + Level 4.1 Fighting
 + Level 4.0 Maces & Flails
 + Level 2.3 Armour
 + Level 2.2 Dodging


You had 3 spell levels left.
You didn't know any spells.

Dungeon Overview and Level Annotations

Branches:
Dungeon (2/27)

Altars:
Yredelemnul

Annotations:
D:2 Crazy Yiuf


Innate Abilities, Weirdness & Mutations

You are resistant to torment.
You are immune to poison.
Your stone body is very resilient (AC +3).
You have very sharp teeth.
You have razor-sharp toenails.
You resist negative energy.
You are resistant to electric shocks.
You have a slow metabolism.
You can survive without breathing.
You are immune to petrification.


Message History

You are very lightly contaminated with residual magic.
You hit Crazy Yiuf. Your kick misses Crazy Yiuf.
Crazy Yiuf is heavily wounded.
Crazy Yiuf hits you with a quarterstaff of chaos!
Crazy Yiuf burns you.
You hit Crazy Yiuf but do no damage. Your kick misses Crazy Yiuf.
Crazy Yiuf is heavily wounded.
Crazy Yiuf hits you with a quarterstaff of chaos.
Crazy Yiuf freezes you.
You hit Crazy Yiuf. Your kick misses Crazy Yiuf.
You bite Crazy Yiuf, but do no damage.
Crazy Yiuf is severely wounded.
Crazy Yiuf closely misses you.
You strike the helpless Crazy Yiuf from behind!
You hit Crazy Yiuf. You claw Crazy Yiuf, but do no damage.
Crazy Yiuf is almost dead.
Crazy Yiuf hits you with a quarterstaff of chaos!
* * * LOW HITPOINT WARNING * * *
Crazy Yiuf freezes you.
You die...

##..##
#.#....#
#....#
#.#...)#
#....#
..#....#
#...##
###....#
##.##
####.#
#.## #.#
##.# . #.#
#.##
.....##(#
##@#
...).....(
#g#
#######.#
... #.#
#...# #.#
#..)# #.#
##### #.#
#.# ... .


You could see Crazy Yiuf.

Vanquished Creatures
  An adder (D:2)
  A gnoll (D:1)
  A giant gecko (D:1)
  3 oozes (D:1)
  2 ball pythons
  2 goblins
  5 hobgoblins (D:1)
  3 bats
  2 giant cockroaches
  8 giant newts (D:1)
  3 kobolds
  5 rats (D:1)
36 creatures vanquished.

Notes
Turn   | Place    | Note
--------------------------------------------------------------
     0 | D:1      | Ragg, the Gargoyle Berserker, began the quest for the Orb.
     0 | D:1      | Reached XP level 1. HP: 14/14 MP: 0/0
   138 | D:1      | Reached XP level 2. HP: 19/19 MP: 1/1
   180 | D:1      | Acquired Trog's second power
   300 | D:1      | Reached XP level 3. HP: 13/24 MP: 2/2
   703 | D:1      | Reached skill level 4 in Fighting
   970 | D:2      | Found a basalt altar of Yredelemnul.
  1063 | D:2      | Reached XP level 4. HP: 27/29 MP: 3/3
  1204 | D:2      | Noticed Crazy Yiuf
  1212 | D:2      | Slain by Crazy Yiuf

Action                   |  1- 3 |  4- 6 || total
-------------------------+-------+-------++-------
Melee: Mace              |    81 |     6 ||    87
 Stab: Invisible         |       |     1 ||     1
